 Dungeon Crawl Stone Soup version 0.28.0-1-gb440e238dd (webtiles) character file.

Game seed: 6853893405488727318

131 Ablot the Grasshopper (level 5, -1/43 HPs)
             Began as a Gnoll Warper on Feb 26, 2022.
             Slain by a white imp (3 damage)
             ... summoned by Natasha
             ... on level 2 of the Dungeon.
             The game lasted 00:03:04 (2480 turns).

Ablot the Grasshopper (Gnoll Warper)                Turns: 2480, Time: 00:03:05

Health: -1/43      AC:  4    Str: 13    XL:     5   Next: 14%
Magic:  12/12      EV: 16    Int: 12    God:
Gold:   91         SH:  0    Dex: 11    Spells: 12/14 levels left

rFire   . . .      SeeInvis .   a - +0 trident
rCold   . . .      Faith    .   (no shield)
rNeg    . . .      Spirit   .   b - +0 leather armour
rPois   .          Reflect  .   (no helmet)
rElec   .          Harm     .   (no cloak)
rCorr   .          Rampage  .   (no gloves)
Will    .....                   p - +0 pair of boots {Stlth+}
Stlth   ++........              (no amulet)
HPRegen 0.14/turn               g - +4 ring of evasion
MPRegen 0.13/turn               (no ring)

@: no status effects
A: fangs 1, strong nose, distributed training
a: no special abilities


You were on level 2 of the Dungeon.
You visited 1 branch of the dungeon, and saw 2 of its levels.

You collected 91 gold pieces.

Inventory:

Hand Weapons
 a - a +0 trident (weapon)
Missiles
 d - 5 boomerangs of dispersal
 f - 6 javelins (quivered)
 o - 39 arrows
 s - 3 poisoned darts
Armour
 b - a +0 leather armour (worn)
 p - a +0 pair of boots of stealth (worn)
Jewellery
 g - a +4 ring of evasion (left hand)
Scrolls
 c - a scroll of blinking
 e - a scroll of vulnerability {unknown}
 j - 2 scrolls of teleportation {unknown}
 m - a scroll of brand weapon {unknown}
 n - a scroll of identify {unknown}
 q - a scroll of fear {unknown}
Potions
 h - a potion of mutation {unknown}
 i - 3 potions of curing {unknown}
 k - a potion of degeneration {unknown}
 l - a potion of invisibility {unknown}
 r - a potion of heal wounds {unknown}


   Skills:
 + Level 4.7 Fighting
 + Level 1.4 Short Blades
 + Level 1.4 Long Blades
 + Level 1.4 Axes
 + Level 1.4 Maces & Flails
 + Level 4.7 Polearms
 + Level 1.4 Staves
 + Level 1.4 Slings
 + Level 1.4 Bows
 + Level 1.4 Crossbows
 + Level 2.9 Throwing
 + Level 2.9 Armour
 + Level 4.7 Dodging
 + Level 1.4 Stealth
 + Level 1.4 Shields
 + Level 1.4 Unarmed Combat
 + Level 5.1 Spellcasting
 + Level 1.1 Conjurations
 + Level 1.1 Hexes
 + Level 1.1 Summonings
 + Level 1.1 Necromancy
 + Level 5.5 Translocations
 + Level 1.1 Transmutations
 + Level 1.1 Fire Magic
 + Level 1.1 Ice Magic
 + Level 1.1 Air Magic
 + Level 1.1 Earth Magic
 + Level 1.1 Poison Magic
 + Level 1.5 Invocations
 + Level 1.4 Evocations


You had 12 spell levels left.
You knew the following spells:

 Your Spells              Type           Power      Damage    Failure   Level
a - Blink                 Tloc           32%        N/A       3%          2

Your spell library contained the following spells:

 Spells                   Type           Power      Damage    Failure   Level
 Gell's Gravitas          Tloc           16%        N/A       8%          3
 Lesser Beckoning         Tloc           16%        N/A       8%          3
 Teleport Other           Tloc           16%        N/A       8%          3
 Manifold Assault         Tloc           16%        N/A       56%         5


Dungeon Overview and Level Annotations

Branches:
Dungeon (2/15)

Altars:

Annotations:
D:2 Natasha


Innate Abilities, Weirdness & Mutations

You have very sharp teeth.
Your uncanny sense of smell can sniff out nearby items.
Your experience applies equally to all skills.


Message History

Natasha glows brightly for a moment.
Natasha claws you but does no damage. The shadow imp hits you.
You hit Natasha. Your bite misses Natasha.
Natasha is severely wounded.
The white imp gestures at you. The puff of frost hits you.
Natasha claws you but does no damage. The shadow imp closely misses you.
You barely miss Natasha.
Natasha is severely wounded.
The white imp gestures at you. The puff of frost hits you.
Natasha barely misses you. The shadow imp closely misses you.
You hit Natasha.
Natasha is almost dead.
The white imp hits you but does no damage.
Natasha claws you but does no damage.
The shadow imp hits you but does no damage.
You closely miss Natasha. Your bite misses Natasha.
Natasha is severely wounded.
The white imp misses you. Natasha completely misses you.
The shadow imp hits you.
You closely miss Natasha.
Natasha is severely wounded.
The white imp gestures at you. The puff of frost hits you. Natasha misses you.
The shadow imp gestures at you. Pain shoots through your body!
* * * LOW HITPOINT WARNING * * *
You closely miss Natasha.
Natasha is severely wounded.
The white imp closely misses you. Natasha completely misses you.
The shadow imp misses you. The white imp misses you.
Unknown command.
You hit Natasha.
Natasha is almost dead.
Natasha claws you but does no damage. The shadow imp barely misses you.
The white imp hits you.
* * * LOW HITPOINT WARNING * * *
The white imp freezes you.
You die...

###############..................
#..................
#.................. #
###.................. #
#......†............. #
#.#.................. #
#.#.............).... ##
#.#5h5).............. .##
#.##@................ #.##
#.##................. ##.##
#.##................. ##.#
####.##................. ##.##
#....................... #.##
#.##.................... .##
#.#####................. .# #<#
#................. .# #.#
##.................


You could see Natasha, a white imp (summoned) and a shadow imp (summoned).

Vanquished Creatures
  Terence (D:2)
  Natasha (twice) (D:2)
  An adder (D:2)
  A worm (D:2)
  A dart slug (D:1)
  5 endoplasms
  5 goblins
  4 hobgoblins
  2 jackals (D:2)
  6 kobolds
  A quokka (D:1)
  2 ball pythons (D:1)
  6 bats
  A frilled lizard (D:2)
  6 rats
44 creatures vanquished.

Notes
Turn   | Place    | Note
-------+----------+-------------------------------------------
     0 | D:1      | Ablot the Gnoll Warper began the quest for the Orb.
     0 | D:1      | Reached XP level 1. HP: 20/20 MP: 6/6
   166 | D:1      | Reached XP level 2. HP: 25/26 MP: 7/7
   169 | D:1      | Learned a level 2 spell: Blink
   788 | D:1      | Reached XP level 3. HP: 31/31 MP: 9/9
  1207 | D:2      | Reached skill level 5 in Spellcasting
  1299 | D:2      | Noticed Natasha
  1312 | D:2      | Killed Natasha
  1313 | D:2      | Reached skill level 1 in Short Blades
  1313 | D:2      | Reached skill level 1 in Long Blades
  1313 | D:2      | Reached skill level 1 in Axes
  1313 | D:2      | Reached skill level 1 in Maces & Flails
  1313 | D:2      | Reached skill level 1 in Staves
  1313 | D:2      | Reached skill level 1 in Slings
  1313 | D:2      | Reached skill level 1 in Bows
  1313 | D:2      | Reached skill level 1 in Crossbows
  1313 | D:2      | Reached skill level 1 in Stealth
  1313 | D:2      | Reached skill level 1 in Shields
  1313 | D:2      | Reached skill level 1 in Unarmed Combat
  1313 | D:2      | Reached skill level 1 in Invocations
  1313 | D:2      | Reached skill level 1 in Evocations
  1624 | D:2      | Reached XP level 4. HP: 36/38 MP: 11/11
  1723 | D:2      | Noticed Terence
  1756 | D:2      | Killed Terence
  1757 | D:2      | Reached skill level 1 in Conjurations
  1757 | D:2      | Reached skill level 1 in Hexes
  1757 | D:2      | Reached skill level 1 in Summonings
  1757 | D:2      | Reached skill level 1 in Necromancy
  1757 | D:2      | Reached skill level 1 in Transmutations
  1757 | D:2      | Reached skill level 1 in Fire Magic
  1757 | D:2      | Reached skill level 1 in Ice Magic
  1757 | D:2      | Reached skill level 1 in Air Magic
  1757 | D:2      | Reached skill level 1 in Earth Magic
  1757 | D:2      | Reached skill level 1 in Poison Magic
  1921 | D:2      | Noticed Natasha
  2303 | D:2      | Killed Natasha
  2304 | D:2      | Reached XP level 5. HP: 43/43 MP: 12/12
  2465 | D:2      | Noticed Natasha
  2480 | D:2      | HP: 2/43 [white imp[Natasha] (1)]
  2480 | D:2      | Slain by a white imp

Illustrated notes

Levels and vault maps discovered:
D:1:      saegor_arrival_simple_e, layout_basic
D:2:      layout_loops_ring, wad_floor_pattern_1, uniq_terence, uniq_natasha

Skill      XL: |  1  2  3  4 |
---------------+-------------+-----
Spellcasting   | 5 |  5.1
Short Blades   | 1 |  1.4
Long Blades    | 1 |  1.4
Axes           | 1 |  1.4
Maces & Flails | 1 |  1.4
Staves         | 1 |  1.4
Slings         | 1 |  1.4
Bows           | 1 |  1.4
Crossbows      | 1 |  1.4
Stealth        | 1 |  1.4
Shields        | 1 |  1.4
Unarmed Combat | 1 |  1.4
Invocations    | 1 |  1.5
Evocations     | 1 |  1.4
Conjurations   | 1 |  1.1
Hexes          | 1 |  1.1
Summonings     | 1 |  1.1
Necromancy     | 1 |  1.1
Transmutations | 1 |  1.1
Fire Magic     | 1 |  1.1
Ice Magic      | 1 |  1.1
Air Magic      | 1 |  1.1
Earth Magic    | 1 |  1.1
Poison Magic   | 1 |  1.1
Fighting       | |  4.7
Polearms       | |  4.7
Throwing       | |  2.9
Armour         | |  2.9
Dodging        | |  4.7
Translocations | |  5.5

Action                   |  1- 3 |  4- 6 || total
-------------------------+-------+-------++-------
Melee: Spear             |    75 |       ||    75
       Bite              |     8 |     1 ||     9
       Punch             |     2 |       ||     2
       Trident           |    26 |    62 ||    88
Throw: Javelin           |       |     1 ||     1
 Cast: Blink             |       |     1 ||     1
 Stab: Sleeping          |     2 |     3 ||     5
Armor: Leather armour    |    15 |    14 ||    29
Dodge: Dodged            |    54 |    46 ||   100
